 Dungeon Crawl Stone Soup version 0.28.0-45-g0d030f2227 (webtiles) character file.

Game seed: 11732487116559314772

1484 sking99 the Changer (level 8, -3/47 (52) HPs)
             Began as an Octopode Transmuter on May 23, 2022.
             Was an Initiate of Gozag.
             Slain by a wight
             ... wielding a +2 halberd of freezing
              (16 damage)
             ... on level 6 of the Dungeon.
             The game lasted 00:15:37 (9845 turns).

sking99 the Changer (Octopode Transmuter)           Turns: 9845, Time: 00:15:37

HP:   -3/47 (52)    AC:  2    Str:  9    XL:     8   Next: 79%
MP:   9/12          EV: 14    Int: 16    God:    Gozag
Gold: 192           SH:  0    Dex: 14    Spells: 7/13 levels left

rFire   . . .      SeeInvis .     - Unarmed
rCold   . . .      Faith    .   (no shield)
rNeg    . . .      Spirit   .   b - +1 hat
rPois   .          Reflect  .   (no amulet)
rElec   .          Harm     .   (no ring)
rCorr   .          Rampage  .   (no ring)
Will    .....                   (no ring)
Stlth   ++........              (no ring)
HPRegen 0.15/turn               (no ring)
MPRegen 0.13/turn               (no ring)
                                (no ring)
                                (no ring)

@: studying Staves, drained
A: almost no armour, amphibious, 8 rings, camouflage 1, gelatinous body 1,
(nimble swimmer 1), tentacles
a: Renounce Religion, Potion Petition, Call Merchant, Bribe Branch


You were on level 6 of the Dungeon.
You worshipped Gozag.
Gozag was aware of your devotion.
You visited 1 branch of the dungeon, and saw 6 of its levels.

You collected 259 gold pieces.
You paid 67 gold pieces to Gozag.

Inventory:

Armour
 b - a +1 hat (worn)
Wands
 i - a wand of acid (8) (quivered)
 l - a wand of flame (17)
Scrolls
 a - 2 scrolls of vulnerability
 c - a scroll of fear
 h - a scroll of enchant armour
Potions
 d - 4 potions of curing
 e - 3 potions of heal wounds {unknown}
 f - a potion of attraction
 k - 2 potions of ambrosia
 m - a potion of cancellation
 q - a potion of flight {unknown}


   Skills:
 + Level 3.3 Fighting
 + Level 3.8 Dodging
 * Level 5.6 Unarmed Combat
 - Level 3.0 Spellcasting
 - Level 5.7 Transmutations
 - Level 3.0 Poison Magic
 + Level 4.9 Evocations


You had 7 spell levels left.
You knew the following spells:

 Your Spells              Type           Power      Damage    Failure   Level
a - Beastly Appendage     Tmut           40%        N/A       1%          1
b - Wereblood             Tmut           20%        N/A       2%          2
c - Spider Form           Tmut/Pois      16%        N/A       10%         3

Your spell library contained the following spells:

 Spells                   Type           Power      Damage    Failure   Level
 Foxfire                  Conj/Fire      8%         2x1d4     19%         1
 Conjure Flame            Conj/Fire      2%         6-21      50%         3
 Inner Flame              Hex/Fire       2%         N/A       50%         3
 Ice Form                 Ice/Tmut       11%        N/A       50%         4
 Flame Wave               Conj/Fire      2%         2d4       88%         4


Dungeon Overview and Level Annotations

Branches:
Dungeon (6/15)
 Temple: D:4-7

Altars:
Gozag

Annotations:
D:3 3 runed translucent doors, EtherCrawl's ghost, weakling PaFE


Innate Abilities, Weirdness & Mutations

You cannot wear most types of armour.
You are amphibious.
You can wear up to eight rings at the same time.
Your skin changes colour to match your surroundings (Stealth+).
Your rubbery body absorbs attacks. (AC +1, EV +1)
((You are camouflaged when in or above water. (Stealth+)))
You have tentacles for arms and can constrict up to eight enemies at once.


Message History

You are very lightly contaminated with residual magic.
Nothing appears to happen.
Your transformation is almost over.
You barely miss the wight. The wight completely misses you.
You barely miss the wight. The wight barely misses you. The wight misses you.
You hit the wight.
The wight is heavily damaged.
The wight misses you.
You hit the wight.
The wight is heavily damaged.
The wight completely misses you. The wight misses you.
You hit the wight but do no damage.
The wight is heavily damaged.
The wight hits you with a +3 dire flail!
You feel drained. The wight completely misses you.
You hit the wight.
The wight is almost destroyed.
The wight completely misses you. The wight misses you.
You hit the wight.
The wight is almost destroyed.
The wight hits you with a +3 dire flail!
The wight completely misses you.
You hit the wight.
The wight is almost destroyed.
Your transformation has ended.
Your +1 hat unmelds from your body.
The wight closely misses you. The wight misses you.
Your magical contamination has completely faded away.
You tentacle-slap the wight. You grab the wight.
The wight is almost destroyed.
You constrict the wight, but do no damage.
The wight hits you with a +3 dire flail!
You feel drained.
* * * LOW HITPOINT WARNING * * *
You tentacle-slap the wight but do no damage.
The wight is almost destroyed.
You constrict the wight, but do no damage.
The wight hits you from afar with a +2 halberd of freezing!
You die...
Your body crumbles into a pile of gold.

######## #......#
######################......#
............zz@...)..'...>..#
#######.##############[.....##
########.# ####.+.......#
.......#.####### #....#.......#
...zz..z.......###............#
######.#####....##.....###'##.##
#. ###.........#........ #.
#.#.(.....#........ #.
#.#.#..............


You could see 2 wights.

Vanquished Creatures
  A water moccasin (D:5)
  An ice beast (D:4)
  An orc warrior (D:4)
  A black bear (D:4)
  An ogre (D:6)
  A phantom (D:5)
  A centaur (D:5)
  A kobold brigand (D:4)
  A wyvern skeleton (D:3)
  A water moccasin skeleton (D:5)
  2 wights
  2 howler monkeys (D:5)
  A hound (D:4)
  A centaur skeleton (D:4)
  2 orc priests (D:3)
  3 iguanas
  Natasha (thrice) (D:2)
  An orc wizard (D:6)
  A killer bee zombie (D:5)
  A hound skeleton (D:5)
  Robin (D:2)
  A gnoll (D:4)
  6 adders
  2 adder skeletons (D:4)
  A worm (D:2)
  A dart slug (D:2)
  18 orcs
  8 ball pythons
  7 bats
  6 endoplasms
  5 giant cockroaches
  15 goblins
  9 hobgoblins
  5 quokkas
  2 frilled lizards
  11 kobolds
  7 rats
132 creatures vanquished.

Notes
Turn   | Place    | Note
-------+----------+-------------------------------------------
     0 | D:1      | sking99 the Octopode Transmuter began the quest for the
                  | Orb.
     0 | D:1      | Reached XP level 1. HP: 13/13 MP: 3/3
   410 | D:1      | Reached XP level 2. HP: 11/18 MP: 3/5
  1339 | D:1      | Reached XP level 3. HP: 23/23 MP: 4/6
  1697 | D:2      | Learned a level 2 spell: Wereblood
  1701 | D:2      | Learned a level 3 spell: Spider Form
  2096 | D:2      | Noticed Robin
  2367 | D:2      | Noticed Natasha
  2372 | D:2      | Killed Natasha
  2373 | D:2      | Reached skill level 1 in Poison Magic
  2373 | D:2      | Reached XP level 4. HP: 27/28 MP: 5/7
  2720 | D:2      | Noticed Natasha
  2726 | D:2      | Killed Natasha
  3046 | D:2      | Reached XP level 5. HP: 19/33 MP: 6/8
  3851 | D:2      | Found a faded altar of an unknown god.
  4039 | D:2      | Reached skill level 1 in Evocations
  4127 | D:2      | Killed Robin
  4288 | D:2      | Noticed Natasha
  4300 | D:2      | Killed Natasha
  4547 | D:3      | Reached XP level 6. HP: 20/38 MP: 10/10
  5432 | D:3      | Found a runed translucent gate.
  5434 | D:3      | Found a runed translucent gate.
  5434 | D:3      | Found a runed translucent gate.
  5457 | D:3      | Noticed EtherCrawl's ghost (weakling PaFE)
  5636 | D:4      | Noticed a black bear
  5652 | D:4      | Killed a black bear
  5653 | D:4      | Reached XP level 7. HP: 34/43 MP: 4/11
  5736 | D:4      | Reached skill level 5 in Transmutations
  7523 | D:5      | Entered Level 5 of the Dungeon
  7790 | D:4      | Reached XP level 8. HP: 22/50 MP: 12/12
  8725 | D:5      | Found an opulent altar of Gozag.
  8736 | D:5      | Reached skill level 5 in Unarmed Combat
  9074 | D:5      | Became a worshipper of Gozag Ym Sagoz the Greedy
  9845 | D:6      | Slain by a wight

Illustrated notes

Levels and vault maps discovered:
D:1:      shiori_arrival_oz, layout_basic
D:2:      cheibrodos_helix_gallery, layout_basic,
          nicolae_ecumenical_snake_handling, chequers_serial_rivers_small_3,
          chequers_decorated_corner, minmay_octomino_c4, uniq_robin,
          uniq_natasha
D:3:      layout_loops_ring, gammafunk_ghost_necromancy
D:4:      layout_layer_cave, minmay_manual_mail
D:5:      layout_cave_pools, old_standard_altar, minivault_25, minivault_11,
          due_unseen_surprise
D:6:      mumra_celtic_spiral_tile, layout_basic, minmay_temple_entry_poolview

Skill      XL: |  1  2  3  4  5  6  7  8 |
---------------+-------------------------+-----
Poison Magic   | 1 2 3 |  3.0
Transmutations | 3 4 5 |  5.7
Evocations     | 1 2 4 |  4.9
Spellcasting   | 3 |  3.0
Fighting       | 2 3 |  3.3
Unarmed Combat | 4 5 |  5.6
Dodging        | 3 |  3.8

Action                   |  1- 3 |  4- 6 |  7- 9 || total
-------------------------+-------+-------+-------++-------
Melee: Unarmed           |    76 |   133 |   200 ||   409
       Constrict         |    23 |    25 |     4 ||    52
       Tentacles         |    20 |    21 |     4 ||    45
       Kick              |    18 |    33 |       ||    51
       Punch             |     2 |     4 |     1 ||     7
 Cast: Beastly Appendage |    21 |    26 |       ||    47
       Spider Form       |       |     4 |    28 ||    32
  Use: Scroll            |       |    13 |     2 ||    15
       Potion            |       |     1 |     5 ||     6
 Stab: Sleeping          |     5 |     2 |     1 ||     8
       Distracted        |       |     1 |       ||     1
Armor: Skin              |     3 |     4 |    18 ||    25
Dodge: Dodged            |    35 |    86 |   152 ||   273
